 Dungeon Crawl Stone Soup version 0.26-a0-720-g2a1d101370 (webtiles) character file.

Game seed: 5748990605955803632

957 robertstho the Firebug (level 8, -3/58 HPs)
             Began as a Gnoll Fire Elementalist on Nov 3, 2020.
             Slain by Menkaure (17 damage)
             ... on level 5 of the Dungeon.
             The game lasted 00:07:49 (5054 turns).

robertstho the Firebug (Gnoll Fire Elementalist)    Turns: 5054, Time: 00:07:49

Health: -3/58      AC:  4    Str: 10    XL:     8   Next: 14%
Magic:  14/16      EV: 16    Int: 20    God:
Gold:   219        SH:  0    Dex: 16    Spells: 17/18 levels left

rFire    + + +     SeeInvis .   B - +2 war axe (elec)
rCold    + . .     Faith    .   (no shield)
rNeg     . . .     Spirit   .   C - +0 robe (curse)
rPois    .         Reflect  .   h - +2 hat
rElec    .         Harm     .   y - scarf {rC+ rF+}
rCorr    .         Rampage  .   (no gloves)
MR       .....                  (no boots)
Stlth    +++.......             (no amulet)
HPRegen  0.19/turn              o - ring of protection from fire
MPRegen  0.15/turn              p - ring of protection from fire

@: no status effects
A: distributed training, fangs 1, strong nose
a: no special abilities


You were on level 5 of the Dungeon.
You visited 1 branch of the dungeon, and saw 5 of its levels.

You collected 219 gold pieces.

Inventory:

Hand Weapons
 d - a +2 dagger of venom
 B - a +2 war axe of electrocution (weapon)
Missiles
 m - 38 poisoned darts (quivered)
Armour
 h - a +2 hat (worn)
 y - a scarf of resistance (worn)
 C - a cursed +0 robe (worn)
Jewellery
 o - a ring of protection from fire (left hand)
 p - a ring of protection from fire (right hand)
Scrolls
 b - 2 scrolls of identify
 c - 3 scrolls of magic mapping {unknown}
 g - 3 scrolls of blinking
 i - 3 scrolls of enchant armour {unknown}
 j - 2 scrolls of amnesia {unknown}
 n - 3 scrolls of fog {unknown}
 q - a scroll of enchant weapon {unknown}
 s - 3 scrolls of remove curse {unknown}
Potions
 a - a potion of brilliance
 e - a potion of haste
 r - a potion of cancellation {unknown}
 t - a potion of lignification {unknown}
 u - a potion of berserk rage {unknown}
 v - a potion of mutation {unknown}
 z - a potion of resistance {unknown}
 A - a potion of degeneration {unknown}


   Skills:
 + Level 3.0 Fighting
 + Level 3.0 Short Blades
 + Level 3.0 Long Blades
 + Level 3.0 Axes
 + Level 3.0 Maces & Flails
 + Level 3.0 Polearms
 + Level 3.0 Staves
 + Level 3.0 Slings
 + Level 3.0 Bows
 + Level 3.0 Crossbows
 + Level 3.0 Throwing
 + Level 3.0 Armour
 + Level 5.5 Dodging
 + Level 5.2 Stealth
 + Level 3.0 Shields
 + Level 3.0 Unarmed Combat
 + Level 5.9 Spellcasting
 + Level 3.3 Conjurations
 + Level 2.4 Hexes
 + Level 2.4 Summonings
 + Level 2.4 Necromancy
 + Level 2.4 Translocations
 + Level 2.4 Transmutations
 + Level 6.0 Fire Magic
 + Level 2.4 Ice Magic
 + Level 2.4 Air Magic
 + Level 2.4 Earth Magic
 + Level 2.4 Poison Magic
 + Level 3.3 Invocations
 + Level 3.0 Evocations


You had 17 spell levels left.
You knew the following spells:

 Your Spells              Type           Power        Failure   Level
a - Foxfire               Conj/Fire      ###.         1%          1

Your spell library contained the following spells:

 Spells                   Type           Power        Failure   Level
 Conjure Flame            Conj/Fire      ###.....     4%          3
 Inner Flame              Hex/Fire       ###.....     5%          3
 Sticky Flame             Conj/Fire      ###.....     16%         4
 Fireball                 Conj/Fire      ###.......   41%         5


Dungeon Overview and Level Annotations

Branches:
Dungeon (5/15)
 Temple: D:4-7

Altars:
Zin

Annotations:
D:4 3 runed translucent doors, zarzak's ghost, novice OpFi
D:5 Grinder; Menkaure


Innate Abilities, Weirdness & Mutations

Your experience applies equally to all skills.
You have very sharp teeth.
Your uncanny sense of smell can sniff out nearby items.


Message History

You conjure some foxfire!
Casting: Foxfire (safe; 1% risk of failure)
Confirm with . or Enter, or press ? or * to list all spells.
You conjure some foxfire!
The foxfire hits Menkaure!
Menkaure is burned terribly!
Menkaure is heavily damaged.
The foxfire hits Menkaure.
Menkaure is burned terribly!
Menkaure is severely damaged.
Menkaure hits you!
* * * LOW HITPOINT WARNING * * *
Grinder blinks!
Casting: Foxfire (safe; 1% risk of failure)
Confirm with . or Enter, or press ? or * to list all spells.
You conjure some foxfire!
The foxfire hits Menkaure!
Menkaure is burned terribly!
Menkaure is almost destroyed.
Menkaure hits you.
* * * LOW HITPOINT WARNING * * *
Menkaure hits you!
You die...

.. .# #.# ..
#..## .# #....
##.# #.......#
#(..#..#
#.M.v####.#
#@v$....#
#v#....## #.#
..... #.#
.ยง..
#.##..$.......
#.##..........
#.##..........
#<##.......>..
#.# ........


You could see Menkaure (fast).

Vanquished Creatures
  Sigmund (D:4)
  A black bear (D:3)
  A phantom (D:4)
  A centaur (D:4)
  A hound (D:4)
  3 orc priests
  5 orc wizards
  Ijyb (D:4)
  Natasha (twice) (D:4)
  2 worker ants
  A worker ant zombie (D:3)
  5 adders
  2 oozes
  2 worms (D:2)
  2 dart slugs (D:1)
  2 leopard geckos
  15 orcs
  2 ball pythons
  5 bats
  5 giant cockroaches
  9 hobgoblins
  3 jackals (D:3)
  6 kobolds
  2 quokkas
  5 frilled lizards
  9 goblins
  A jackal skeleton (D:4)
  5 rats
99 creatures vanquished.

Vanquished Creatures (collateral kills)
  4 foxfires (D:4)
4 creatures vanquished.

Vanquished Creatures (others)
  323 foxfires
  5 plants (D:4)
328 creatures vanquished.

Grand Total: 431 creatures vanquished

Notes
Turn   | Place    | Note
-------+----------+-------------------------------------------
     0 | D:1      | robertstho the Gnoll Fire Elementalist began the quest for
                  | the Orb.
     0 | D:1      | Reached XP level 1. HP: 13/13 MP: 6/6
    54 | D:1      | Reached XP level 2. HP: 7/19 MP: 2/7
   873 | D:1      | Reached XP level 3. HP: 25/25 MP: 6/9
   946 | D:1      | Reached skill level 5 in Spellcasting
  1460 | D:2      | Reached skill level 1 in Invocations
  1633 | D:2      | Reached skill level 1 in Fighting
  1633 | D:2      | Reached skill level 1 in Short Blades
  1633 | D:2      | Reached skill level 1 in Long Blades
  1633 | D:2      | Reached skill level 1 in Axes
  1633 | D:2      | Reached skill level 1 in Maces & Flails
  1633 | D:2      | Reached skill level 1 in Polearms
  1633 | D:2      | Reached skill level 1 in Staves
  1633 | D:2      | Reached skill level 1 in Slings
  1633 | D:2      | Reached skill level 1 in Bows
  1633 | D:2      | Reached skill level 1 in Crossbows
  1633 | D:2      | Reached skill level 1 in Throwing
  1633 | D:2      | Reached skill level 1 in Armour
  1633 | D:2      | Reached skill level 1 in Shields
  1633 | D:2      | Reached skill level 1 in Unarmed Combat
  1633 | D:2      | Reached skill level 1 in Evocations
  1683 | D:2      | Reached XP level 4. HP: 32/32 MP: 1/11
  2344 | D:3      | Reached skill level 1 in Hexes
  2344 | D:3      | Reached skill level 1 in Summonings
  2344 | D:3      | Reached skill level 1 in Necromancy
  2344 | D:3      | Reached skill level 1 in Translocations
  2344 | D:3      | Reached skill level 1 in Transmutations
  2344 | D:3      | Reached skill level 1 in Ice Magic
  2344 | D:3      | Reached skill level 1 in Air Magic
  2344 | D:3      | Reached skill level 1 in Earth Magic
  2344 | D:3      | Reached skill level 1 in Poison Magic
  2345 | D:3      | Reached XP level 5. HP: 31/37 MP: 2/12
  2468 | D:3      | Noticed a black bear
  2513 | D:3      | Killed a black bear
  2751 | D:3      | Found a glowing silver altar of Zin.
  2874 | D:3      | Reached XP level 6. HP: 34/44 MP: 6/13
  3345 | D:4      | Noticed Ijyb
  3358 | D:4      | Killed Ijyb
  3358 | D:4      | Reached skill level 5 in Dodging
  3496 | D:4      | Found a runed translucent gate.
  3496 | D:4      | Found a runed translucent gate.
  3496 | D:4      | Found a runed translucent gate.
  3593 | D:4      | Reached XP level 7. HP: 31/50 MP: 10/15
  3984 | D:4      | Noticed Natasha
  3988 | D:4      | Killed Natasha
  4205 | D:4      | Reached skill level 5 in Stealth
  4387 | D:4      | Noticed zarzak's ghost (novice OpFi)
  4462 | D:4      | Noticed Natasha
  4464 | D:4      | Killed Natasha
  4499 | D:4      | Noticed Sigmund
  4505 | D:4      | Killed Sigmund
  4505 | D:4      | Reached skill level 6 in Fire Magic
  4505 | D:4      | Reached XP level 8. HP: 57/57 MP: 9/16
  4706 | D:5      | Entered Level 5 of the Dungeon
  4706 | D:5      | Noticed Grinder
  5050 | D:5      | Noticed Menkaure
  5054 | D:5      | Slain by Menkaure

Illustrated notes

Levels and vault maps discovered:
D:1:      matt_arrival_diagonals, layout_basic
D:2:      layout_loops_ring, minmay_worlds_worst_comb
D:3:      minmay_inner_zag, layout_basic, zin_statuary
D:4:      layout_gridville, ebering_ghost_rock_garden, guppyfry_early_lair_pool,
          uniq_natasha, uniq_sigmund, uniq_ijyb
D:5:      kennysheep_slugbush, layout_rooms, serial_shops,
          nicolae_shop_window_shopping, shop_fountains, trog_book, uniq_grinder,
          uniq_menkaure

Skill      XL: |  1  2  3  4  5  6  7  8 |
---------------+-------------------------+-----
Conjurations   | 2 3 |  3.3
Spellcasting   | 5 |  5.9
Invocations    | 1 2 3 |  3.3
Fighting       | 1 2 3 |  3.0
Short Blades   | 1 2 3 |  3.0
Long Blades    | 1 2 3 |  3.0
Axes           | 1 2 3 |  3.0
Maces & Flails | 1 2 3 |  3.0
Polearms       | 1 2 3 |  3.0
Staves         | 1 2 3 |  3.0
Slings         | 1 2 3 |  3.0
Bows           | 1 2 3 |  3.0
Crossbows      | 1 2 3 |  3.0
Throwing       | 1 2 3 |  3.0
Armour         | 1 2 3 |  3.0
Shields        | 1 2 3 |  3.0
Unarmed Combat | 1 2 3 |  3.0
Evocations     | 1 2 3 |  3.0
Hexes          | 1 2 |  2.4
Summonings     | 1 2 |  2.4
Necromancy     | 1 2 |  2.4
Translocations | 1 2 |  2.4
Transmutations | 1 2 |  2.4
Ice Magic      | 1 2 |  2.4
Air Magic      | 1 2 |  2.4
Earth Magic    | 1 2 |  2.4
Poison Magic   | 1 2 |  2.4
Dodging        | 5 |  5.5
Stealth        | 5 |  5.2
Fire Magic     | 6 |  6.0

Action                   |  1- 3 |  4- 6 |  7- 9 || total
-------------------------+-------+-------+-------++-------
Melee: Unarmed           |     2 |       |       ||     2
       Dagger            |    27 |    61 |       ||    88
       Bite              |     1 |     9 |       ||    10
       War axe           |       |       |     6 ||     6
 Cast: Foxfire           |    60 |    78 |    71 ||   209
  Use: Scroll            |       |       |     4 ||     4
       Potion            |       |       |     5 ||     5
 Stab: Sleeping          |       |       |     1 ||     1
Armor: Robe              |    14 |    30 |    12 ||    56
Dodge: Dodged            |    40 |    66 |    21 ||   127

Table legend: (Time is in decaauts)
 A = Elapsed time spent in this place.
 B = Non-inter-level travel time spent in this place.
 C = Inter-level travel time spent in this place.
 D = Time resting spent in this place.
 E = Time spent auto-exploring this place.
 F = Levels seen in this place.
 G = Mean time per level.
                   A        B        C        D        E       F      G
               +--------+--------+--------+--------+--------+-----+--------+
         Total |   5049 |   4864 |    185 |    482 |   3577 |   5 | 1009.8 |
       Dungeon |   5049 |   4864 |    185 |    482 |   3577 |   5 | 1009.8 |
               +--------+--------+--------+--------+--------+-----+--------+

Top non-repeatable levels by time:
     D:4: 1686 daAuts
     D:1: 1240 daAuts
     D:2: 1084 daAuts
     D:3: 1014 daAuts
     D:5: 24 daAuts
